 Dungeon Crawl Stone Soup version 0.28-a0-1190-g77e1c55843 (webtiles) character file.

Game seed: 1438134017515153308

478 ReploidZero the Ogre Mage (level 7, 0/59 HPs)
             Began as an Ogre Conjurer on Dec 19, 2021.
             Slain by an ogre (25 damage)
             ... on level 5 of the Dungeon.
             The game lasted 00:14:04 (5495 turns).

ReploidZero the Ogre Mage (Ogre Conjurer)           Turns: 5495, Time: 00:14:05

Health: 0/59       AC:  3    Str: 12    XL:     7   Next: 11%
Magic:  10/16      EV:  9    Int: 21    God:
Gold:   265        SH:  0    Dex:  7    Spells: 8/18 levels left

rFire   . . .      SeeInvis .   e - +0 flail (vorpal)
rCold   . . .      Faith    .   (no shield)
rNeg    . . .      Spirit   .   a - +0 robe
rPois   .          Reflect  .   (helmet restricted)
rElec   .          Harm     .   (no cloak)
rCorr   .          Rampage  .   (gloves unavailable)
Will    .....                   (boots unavailable)
Stlth   +.........              (no amulet)
HPRegen 0.19/turn               (no ring)
MPRegen 0.15/turn               (no ring)

@: freezing walls, very slightly contaminated
A: large, unfitting armour, tough skin 1
a: no special abilities


You were on level 5 of the Dungeon.
You visited 1 branch of the dungeon, and saw 5 of its levels.

You collected 278 gold pieces.
You spent 13 gold pieces at shops.

Inventory:

Hand Weapons
 e - a +0 vorpal flail (weapon)
 h - a +0 mace
Armour
 a - a +0 robe (worn)
Magical Staves
 g - a staff of air
 l - a staff of cold
Jewellery
 b - a ring of ice
Wands
 k - a wand of charming (11)
Scrolls
 i - a scroll of immolation {unknown}
Potions
 c - a potion of curing
 d - 2 potions of brilliance
 f - 3 potions of heal wounds {unknown}


   Skills:
 - Level 1.7 Dodging
 - Level 1.4 Stealth
 + Level 6.0 Spellcasting
 + Level 5.9 Conjurations


You had 8 spell levels left.
You knew the following spells:

 Your Spells              Type           Power      Damage    Failure   Level
a - Magic Dart            Conj           100%       1d8       1%          1
b - Searing Ray           Conj           62%        2d6       1%          2
c - Fulminant Prism       Conj/Hex       9%         3d7       28%         4
d - Frozen Ramparts       Ice            12%        1d3       28%         3

Your spell library contained the following spells:

 Spells                   Type           Power      Damage    Failure   Level
 Dazzling Flash           Conj/Hex       36%        N/A       9%          3
 Freeze                   Ice            24%        1d5       10%         1
 Inner Flame              Hex/Fire       6%         N/A       28%         3
 Hailstorm                Conj/Ice       18%        3d6       28%         4
 Iskenderun's Mystic Bla  Conj/Tloc      18%        2d6       28%         4
 Cause Fear               Hex            3%         N/A       67%         4
 Discord                  Hex            3%         N/A       100%        8


Dungeon Overview and Level Annotations

Branches:
Dungeon (5/15)
 Temple: D:4-7

Altars:

Shops:
D:1 (   D:2 *


Innate Abilities, Weirdness & Mutations

You are too large for most types of armour.
You have tough skin. (AC +1)


Message History

Confirm with . or Enter, or press ? or * to list all spells.
Okay, then.
Casting: Magic Dart (safe; 1% risk of failure)
Confirm with . or Enter, or press ? or * to list all spells.
Okay, then.
Casting: Magic Dart (safe; 1% risk of failure)
Confirm with . or Enter, or press ? or * to list all spells.
Okay, then.
Okay, then.
Okay, then.
Okay, then.
Casting: Magic Dart (safe; 1% risk of failure)
Confirm with . or Enter, or press ? or * to list all spells.
Okay, then.
Okay, then.
The ogre barely misses you.
There is a stone staircase leading down here.
An acid dragon comes into view.
The acid dragon moves out of view.
Casting: Magic Dart (safe; 1% risk of failure)
Confirm with . or Enter, or press ? or * to list all spells.
Okay, then.
Casting: Magic Dart (safe; 1% risk of failure)
Confirm with . or Enter, or press ? or * to list all spells.
Casting: Frozen Ramparts (dangerous; 28% risk of failure)
Press: ? - help, Dir - look around, f - activate You miscast Frozen Ramparts.
You are very lightly contaminated with residual magic.
Heat is drained from your body!
Unknown command.
Casting: Frozen Ramparts (dangerous; 28% risk of failure)
Confirm with . or Enter, or press ? or * to list all spells.
Casting: Frozen Ramparts (dangerous; 28% risk of failure)
Press: ? - help, Dir - look around, f - activate The walls around you are covered in ice.
The wall freezes the ogre.
The ogre hits you with a +0 giant club!
* * * LOW HITPOINT WARNING * * *
You feel better.
The wall freezes the ogre.
The ogre hits you with a +0 giant club!!
You die...

...###...##..#.
[.. #.....##...
... ##...######
..# ##.## #.#
#.# #.# #.# ###
#.# #+# +.###.#
#.@O>.# #.#####
.###+###..####
.............+
#.........###
#.........#
#.........#
####...####
#...# #+#


You could see an ogre.

Vanquished Creatures
  A black bear (D:4)
  A water moccasin skeleton (D:4)
  A hound (D:4)
  An orc priest (D:3)
  3 iguanas
  An orc wizard (D:5)
  A scorpion zombie (D:5)
  5 adders
  An adder zombie (D:5)
  2 worms
  3 dart slugs
  14 orcs
  6 ball pythons
  4 endoplasms
  2 giant cockroaches
  5 goblins
  5 hobgoblins
  7 jackals
  A kobold (D:1)
  4 quokkas
  6 bats
  4 frilled lizards
  4 rats
82 creatures vanquished.

Vanquished Creatures (others)
  A fulminant prism (D:3)
  A plant (D:2)
2 creatures vanquished.

Grand Total: 84 creatures vanquished

Notes
Turn   | Place    | Note
-------+----------+-------------------------------------------
     0 | D:1      | ReploidZero the Ogre Conjurer began the quest for the Orb.
     0 | D:1      | Reached XP level 1. HP: 16/16 MP: 3/3
    88 | D:1      | Found Hene's Weapon Boutique.
   250 | D:1      | Reached XP level 2. HP: 24/24 MP: 3/5
   518 | D:1      | Reached skill level 3 in Spellcasting
   814 | D:1      | Learned a level 2 spell: Searing Ray
  1461 | D:2      | Found Othafec's General Store.
  1469 | D:2      | Bought a scroll of noise for 13 gold pieces
  1552 | D:2      | Reached XP level 3. HP: 31/31 MP: 3/7
  2038 | D:2      | Reached XP level 4. HP: 39/39 MP: 5/9
  2597 | D:3      | Learned a level 4 spell: Fulminant Prism
  2673 | D:3      | Reached skill level 4 in Spellcasting
  3226 | D:3      | Reached XP level 5. HP: 36/45 MP: 4/11
  3803 | D:4      | Reached skill level 5 in Conjurations
  4164 | D:4      | Reached skill level 5 in Spellcasting
  4164 | D:4      | Reached XP level 6. HP: 50/53 MP: 5/13
  4863 | D:4      | Noticed a black bear
  4873 | D:4      | Killed a black bear
  4946 | D:5      | Entered Level 5 of the Dungeon
  5131 | D:5      | Reached XP level 7. HP: 35/59 MP: 1/15
  5382 | D:5      | Reached skill level 6 in Spellcasting
  5488 | D:5      | Learned a level 3 spell: Frozen Ramparts
  5495 | D:5      | Slain by an ogre

Illustrated notes

Levels and vault maps discovered:
D:1:      minmay_arrival_nine_rooms, layout_basic, serial_shops, shop
D:2:      layout_basic, serial_shops, shop, serial_forest,
          infiniplex_forest_clump_small, infiniplex_forest_lined_2,
          infiniplex_forest_lined_3, infiniplex_forest_straight_4,
          infiniplex_forest_lined_ring, infiniplex_forest_clump_small,
          infiniplex_forest_end_2
D:3:      layout_loops_ring, kennysheep_generic_room_9
D:4:      layout_loops_ring, kennysheep_generic_room_5
D:5:      layout_loops_corners, lemuel_doored_altar, minmay_temple_entry_hall,
          gammafunk_ghost_gnarly_gnolls

Skill      XL: |  1  2  3  4  5  6  7 |
---------------+----------------------+-----
Spellcasting   | 3 4 5 6 |  6.0
Conjurations   | 4 5 |  5.9
Dodging        | |  1.7
Stealth        | |  1.4

Action                   |  1- 3 |  4- 6 |  7- 9 || total
-------------------------+-------+-------+-------++-------
Melee: Unarmed           |    15 |       |       ||    15
       Flail             |       |    17 |       ||    17
 Cast: Magic Dart        |    62 |    58 |     2 ||   122
       Searing Ray       |     1 |    14 |     3 ||    18
       Fulminant Prism   |       |     1 |       ||     1
       Frozen Ramparts   |       |       |     1 ||     1
  Use: Scroll            |     2 |     6 |       ||     8
       Potion            |     2 |       |     1 ||     3
Armor: Robe              |     9 |    21 |     1 ||    31
       Skin              |     2 |       |       ||     2
Dodge: Dodged            |    18 |    21 |     2 ||    41

Table legend: (Time is in decaauts)
 A = Elapsed time spent in this place.
 B = Non-inter-level travel time spent in this place.
 C = Inter-level travel time spent in this place.
 D = Time resting spent in this place.
 E = Time spent auto-exploring this place.
 F = Levels seen in this place.
 G = Mean time per level.
                   A        B        C        D        E       F      G
               +--------+--------+--------+--------+--------+-----+--------+
         Total |   5500 |   5419 |     81 |      0 |   4926 |   5 | 1100.0 |
       Dungeon |   5500 |   5419 |     81 |      0 |   4926 |   5 | 1100.0 |
               +--------+--------+--------+--------+--------+-----+--------+

Top non-repeatable levels by time:
     D:1: 1407 daAuts
     D:4: 1310 daAuts
     D:3: 1132 daAuts
     D:2: 1099 daAuts
     D:5: 550 daAuts
